2818 views
Uploaded 2019-12-07 17:45:44
Game version 1.32.0.3 / 1.32.0.3.1
10:37 long 2on2 ladder game on (6)GnollWood
Saved by BEARAND
2818 views
Uploaded 2019-12-07 17:45:44
Game version 1.32.0.3 / 1.32.0.3.1
10:37 long 2on2 ladder game on (6)GnollWood


39 units @ 5.4k
/ 0.3k
22 buildings @ 3.6k
/ 1.4k

| Peon | 5 | 375 | / | 0 |
| Grunt | 10 | 2000 | / | 0 |
| Shaman | 1 | 130 | / | 20 |
| Demolisher | 2 | 440 | / | 100 |
| total: | 18 | 2945g | / | 120w |
| Watch Tower | 1 | 110 | / | 80 |
| Altar of Storms | 1 | 180 | / | 50 |
| Orc Burrow | 4 | 640 | / | 160 |
| Barracks | 1 | 180 | / | 50 |
| War Mill | 1 | 205 | / | 0 |
| Voodoo Lounge | 1 | 130 | / | 30 |
| Spirit Lodge | 1 | 150 | / | 150 |
| Stronghold | 1 | 315 | / | 190 |
| Fortress | 1 | 325 | / | 190 |
| total: | 10 | 1595g | / | 520w |
| 0:02 | Altar of Storms |
| 0:03 | Orc Burrow |
| 0:04 | Peon |
| 0:05 | Peon |
| 0:30 | Peon |
| 0:42 | Barracks |
| 0:59 | Peon |
| 1:09 | Peon |
| 1:31 | Orc Burrow |
| 1:44 | Grunt |
| 2:03 | Critical Strike |
| 2:13 | Grunt |
| 2:18 | War Mill |
| 2:51 | Grunt |
| 3:25 | Grunt |
| 3:29 | Stronghold |
| 3:52 | Voodoo Lounge |
| 4:11 | Grunt |
| 4:20 | Steel Armor |
| 4:30 | Orc Burrow |
| 4:54 | Watch Tower |
| 5:34 | Wind Walk |
| 6:02 | Spirit Lodge |
| 6:07 | Grunt |
| 6:07 | Grunt |
| 7:16 | Shaman Adept Training |
| 7:16 | Shaman |
| 7:24 | Fortress |
| 7:25 | Grunt |
| 7:25 | Grunt |
| 7:57 | Grunt |
| 8:18 | Demolisher |
| 9:20 | Demolisher |
| 10:12 | Orc Burrow |
| 10:17 | Wind Walk |
| Right click | 398 |
| Select | 124 |
| Misc. action | 105 |
| Select group | 71 |
| Build/train/purchase | 49 |
| Assign group | 5 |
| Chat | 4 |
| Minimap ping | 1 |

| Circlet of Nobility | 1 | 175 |
| total: | 1 | 175g |
| Wisp | 12 | 720 | / | 0 |
| Huntress | 8 | 1560 | / | 160 |
| Glaive Thrower | 1 | 210 | / | 65 |
| total: | 21 | 2490g | / | 225w |
| Altar of Elders | 1 | 180 | / | 50 |
| Moon Well | 4 | 720 | / | 160 |
| Hunter's Hall | 1 | 210 | / | 100 |
| Ancient of War | 2 | 300 | / | 120 |
| Ancient of Wonders | 1 | 90 | / | 30 |
| Ancient of Lore | 3 | 465 | / | 435 |
| Tree of Ages | 1 | 320 | / | 180 |
| total: | 12 | 1965g | / | 895w |
| 0:02 | Altar of Elders |
| 0:02 | Wisp |
| 0:11 | Moon Well |
| 0:14 | Wisp |
| 0:23 | Wisp |
| 0:32 | Wisp |
| 0:35 | Wisp |
| 0:57 | Wisp |
| 1:08 | Wisp |
| 1:11 | Hunter's Hall |
| 1:21 | Wisp |
| 1:38 | Ancient of War |
| 1:43 | Wisp |
| 1:54 | Moon Well |
| 2:03 | Entangling Roots |
| 2:24 | Ancient of War |
| 2:26 | Wisp |
| 2:42 | Huntress |
| 2:57 | Moon Well |
| 3:10 | Huntress |
| 3:28 | Huntress |
| 4:00 | Huntress |
| 4:03 | Strength of the Moon |
| 4:33 | Thorns Aura |
| 4:36 | Huntress |
| 5:12 | Moon Armor |
| 5:13 | Huntress |
| 5:43 | Huntress |
| 6:01 | Glaive Thrower |
| 6:37 | Tree of Ages |
| 6:41 | Ancient of Wonders |
| 7:25 | Circlet of Nobility |
| 7:27 | Huntress |
| 7:30 | Moon Well |
| 9:45 | Ancient of Lore |
| 9:49 | Ancient of Lore |
| 9:50 | Wisp |
| 9:51 | Wisp |
| 10:02 | Ancient of Lore |
| Right click | 442 |
| Select group | 328 |
| Select | 158 |
| Build/train/purchase | 39 |
| Chat | 16 |
| Assign group | 12 |
| Minimap ping | 8 |
| Use ability | 7 |
| Misc. action | 4 |
| Esc | 2 |
36 units @ 2.7k
/ 0k
72 buildings @ 4.9k
/ 2.4k


| Boots of Speed | 2 | 500 |
| Staff of Teleportation | 2 | 300 |
| Healing Salve | 1 | 100 |
| total: | 5 | 900g |
| Peasant | 20 | 1500 | / | 0 |
| total: | 20 | 1500g | / | 0w |
| Scout Tower | 45 | 1350 | / | 900 |
| Arcane Tower | 2 | 140 | / | 100 |
| Guard Tower | 19 | 1330 | / | 950 |
| Altar of Kings | 1 | 180 | / | 50 |
| Farm | 5 | 400 | / | 100 |
| Lumber Mill | 1 | 120 | / | 0 |
| Arcane Vault | 1 | 130 | / | 30 |
| Town Hall | 1 | 385 | / | 205 |
| Keep | 1 | 320 | / | 210 |
| Castle | 2 | 720 | / | 420 |
| total: | 54 | 2565g | / | 1285w |
| 0:03 | Peasant |
| 0:04 | Peasant |
| 0:11 | Altar of Kings |
| 0:21 | Farm |
| 0:22 | Peasant |
| 0:41 | Farm |
| 0:44 | Peasant |
| 0:50 | Peasant |
| 0:59 | Scout Tower |
| 1:05 | Lumber Mill |
| 1:08 | Peasant |
| 1:20 | Peasant |
| 1:34 | Scout Tower |
| 1:34 | Peasant |
| 1:40 | Arcane Tower |
| 1:46 | Peasant |
| 1:51 | Scout Tower |
| 2:00 | Peasant |
| 2:08 | Blizzard |
| 2:16 | Peasant |
| 2:17 | Peasant |
| 2:26 | Guard Tower |
| 2:36 | Guard Tower |
| 2:37 | Scout Tower |
| 2:37 | Scout Tower |
| 2:38 | Scout Tower |
| 2:39 | Scout Tower |
| 2:40 | Peasant |
| 2:40 | Peasant |
| 2:40 | Peasant |
| 3:03 | Peasant |
| 3:05 | Guard Tower |
| 3:08 | Scout Tower |
| 3:08 | Scout Tower |
| 3:09 | Peasant |
| 3:09 | Peasant |
| 3:43 | Keep |
| 3:55 | Brilliance Aura |
| 3:59 | Guard Tower |
| 4:03 | Arcane Vault |
| 4:06 | Boots of Speed |
| 4:17 | Staff of Teleportation |
| 4:51 | Guard Tower |
| 4:52 | Scout Tower |
| 4:52 | Scout Tower |
| 4:52 | Scout Tower |
| 4:53 | Scout Tower |
| 4:55 | Farm |
| 5:20 | Guard Tower |
| 5:46 | Improved Masonry |
| 5:47 | Guard Tower |
| 5:49 | Scout Tower |
| 5:51 | Scout Tower |
| 5:51 | Scout Tower |
| 5:52 | Scout Tower |
| 6:07 | Scout Tower |
| 6:07 | Scout Tower |
| 6:20 | Healing Salve |
| 6:22 | Guard Tower |
| 6:42 | Guard Tower |
| 6:43 | Scout Tower |
| 6:45 | Scout Tower |
| 6:46 | Scout Tower |
| 6:49 | Advanced Masonry |
| 7:05 | Arcane Tower |
| 7:05 | Guard Tower |
| 7:13 | Guard Tower |
| 7:16 | Farm |
| 7:17 | Farm |
| 7:26 | Storm Bolt |
| 8:10 | Town Hall |
| 8:12 | Scout Tower |
| 8:12 | Scout Tower |
| 8:13 | Scout Tower |
| 8:13 | Scout Tower |
| 8:13 | Scout Tower |
| 8:15 | Scout Tower |
| 8:16 | Scout Tower |
| 8:16 | Scout Tower |
| 8:16 | Scout Tower |
| 8:21 | Peasant |
| 8:21 | Peasant |
| 8:33 | Staff of Teleportation |
| 8:46 | Guard Tower |
| 8:47 | Boots of Speed |
| 9:09 | Guard Tower |
| 9:16 | Scout Tower |
| 9:17 | Scout Tower |
| 9:18 | Guard Tower |
| 9:21 | Scout Tower |
| 9:22 | Scout Tower |
| 9:22 | Scout Tower |
| 9:23 | Scout Tower |
| 9:23 | Scout Tower |
| 9:23 | Scout Tower |
| 9:24 | Guard Tower |
| 9:25 | Scout Tower |
| 9:25 | Scout Tower |
| 9:26 | Scout Tower |
| 9:26 | Scout Tower |
| 9:26 | Scout Tower |
| 9:27 | Scout Tower |
| 9:44 | Castle |
| 9:58 | Guard Tower |
| 10:01 | Guard Tower |
| Right click | 783 |
| Select | 203 |
| Select group | 119 |
| Build/train/purchase | 72 |
| Use ability | 19 |
| Misc. action | 14 |
| Assign group | 10 |
| Chat | 8 |
| Remove unit | 6 |
| Minimap ping | 3 |
TIMG4STRok
(10:35) : 

| Lesser Clarity Potion | 3 | 210 |
| Healing Salve | 2 | 200 |
| Orb of Lightning | 1 | 375 |
| Circlet of Nobility | 1 | 175 |
| Staff of Teleportation | 1 | 150 |
| Boots of Speed | 1 | 250 |
| total: | 9 | 1360g |
| Peon | 16 | 1200 | / | 0 |
| total: | 16 | 1200g | / | 0w |
| Watch Tower | 11 | 1210 | / | 880 |
| Altar of Storms | 1 | 180 | / | 50 |
| Orc Burrow | 3 | 480 | / | 120 |
| Voodoo Lounge | 2 | 260 | / | 60 |
| War Mill | 1 | 205 | / | 0 |
| Stronghold | 1 | 315 | / | 190 |
| Fortress | 1 | 325 | / | 190 |
| total: | 18 | 2335g | / | 1110w |
| 0:05 | Altar of Storms |
| 0:09 | Orc Burrow |
| 0:12 | Peon |
| 0:18 | Voodoo Lounge |
| 0:25 | Peon |
| 0:35 | Peon |
| 0:35 | Peon |
| 0:47 | Peon |
| 0:54 | Peon |
| 1:06 | Peon |
| 1:15 | Orc Burrow |
| 1:20 | Peon |
| 1:31 | Peon |
| 1:41 | War Mill |
| 1:44 | Peon |
| 2:04 | Lesser Clarity Potion |
| 2:06 | Healing Salve |
| 2:07 | Wind Walk |
| 2:10 | Peon |
| 2:28 | Peon |
| 2:28 | Peon |
| 2:52 | Watch Tower |
| 2:53 | Watch Tower |
| 3:10 | Circlet of Nobility |
| 3:40 | Staff of Teleportation |
| 3:41 | Boots of Speed |
| 3:44 | Peon |
| 3:53 | Peon |
| 3:54 | Peon |
| 4:05 | Voodoo Lounge |
| 4:50 | Critical Strike |
| 4:51 | Stronghold |
| 6:00 | Watch Tower |
| 6:01 | Watch Tower |
| 6:02 | Spiked Barricades |
| 6:07 | Watch Tower |
| 6:08 | Watch Tower |
| 6:14 | Lesser Clarity Potion |
| 6:24 | Orc Burrow |
| 7:12 | Fortress |
| 7:17 | Wind Walk |
| 7:24 | Watch Tower |
| 7:25 | Watch Tower |
| 7:27 | Watch Tower |
| 7:53 | Reinforced Defenses |
| 8:08 | Watch Tower |
| 8:09 | Watch Tower |
| 8:13 | Hex |
| 9:18 | Healing Salve |
| 9:37 | Orb of Lightning |
| 9:47 | Lesser Clarity Potion |
| Right click | 700 |
| Select group | 586 |
| Select | 92 |
| Build/train/purchase | 68 |
| Chat | 59 |
| Use ability | 17 |
| Resource trade | 11 |
| Misc. action | 5 |
| Item give/drop | 5 |
| Assign group | 4 |
| Esc | 3 |